 Dungeon Crawl Stone Soup version 0.31.0-11-ge490571c62 (webtiles) character file.

Game seed: 11114559023290385733

63 qw the Shooter (level 3, 0/20 HPs)
             Began as a Deep Elf Hunter on Feb 4, 2024.
             Succumbed to their own poison gas
             ... on level 2 of the Dungeon.
             The game lasted 00:00:06 (1240 turns).

qw the Shooter (Deep Elf Hunter)                    Turns: 1240, Time: 00:00:06

Health: 0/20       AC: 13    Str: 14    XL:     3   Next: 87%
Magic:  5/5        EV: 11    Int: 13    God:
Gold:   89         SH:  0    Dex: 18    Spells: 2/2 levels left

rFire   . . .        d - +4 shortbow (freeze)
rCold   . . .        (shield currently unavailable)
rNeg    + . .        a - +8 ring mail "Recs" {^Drain Str+4 Slay+2}
rPois   .            (no helmet)
rElec   .            (no cloak)
rCorr   .            (no gloves)
SInv    .            (no boots)
Will    .....        (no amulet)
Stlth   +            b - ring of positive energy
HPRegen 0.23/turn    (no ring)
MPRegen 0.09/turn

%: no passive effects
@: lethally poisoned (0 -> -8)
A: no striking features
a: no special abilities


You were on level 2 of the Dungeon.
You visited 1 branch of the dungeon, and saw 2 of its levels.

You collected 89 gold pieces.


   Skills:
 - Level 1.5 Fighting
 + Level 7.3 Ranged Weapons
 - Level 2.4 Dodging
 - Level 1.2 Stealth


You had 2 spell levels left.
You didn't know any spells.
Your spell library was empty.

Inventory:

Hand Weapons
 d - a +4 shortbow of freezing (weapon)
Armour
 a - the +8 ring mail "Recs" (worn) {^Drain Str+4 Slay+2}
   (You found it on level 2 of the Dungeon)

   Str+4:     It affects your strength (+4).
   Slay+2:    It affects your accuracy & damage with ranged weapons and melee
   (+2).
   ^Drain:    It drains your maximum health when unequipped.
Jewellery
 b - a ring of positive energy (left hand)
Wands
 j - a wand of paralysis (8)
Scrolls
 h - a scroll of teleportation
Potions
 i - 2 potions of haste
 k - a potion of cancellation

Dungeon Overview and Level Annotations

Branches:
Dungeon (2/15)

Altars:

Shops:
D:1 =*?


Message History

1233 ||| READING scroll of identify.
1233 ||| IDENTIFYING 2 sedimented dark potions
As you read the scroll of identify, it crumbles to dust.
i - 2 potions of haste Done exploring.
1234 ||| READING scroll labelled ACZING LULI.
The air fills with toxic fumes!
As you read the scroll labelled ACZING LULI, it crumbles to dust.
It was a scroll of poison.
Done exploring.
1235 ||| DROPPING potion of lignification.
You drop a potion of lignification.
Done exploring.
1236 ||| DROPPING potion of degeneration.
You drop a potion of degeneration.
Done exploring.
What level of the Dungeon? (default 2, ? - help) Sorry, I don't know how to get there.
Enter note:
Enter note:
Enter note:
Enter note:
Enter note:
Enter note:
Enter note:
Enter note:
Enter note:
Enter note:
Enter note:
Enter note: You are engulfed in poison gas.
You are poisoned.
You feel very sick.
1238 ||| Stepping ~*~*~tactically~*~*~ (cloud).
You feel very sick.
Things that are here:
a potion of degeneration; a potion of lignification; a +0 leather armour
There is a lethal amount of poison in your body!
You feel very sick.
There is a lethal amount of poison in your body!
You die...

####### ###########
##¤¤¤¤¤## #.........#
##¤¤¤¤¤¤0## #.........#
#¤¤¤¤0¤0¤¤# #.........#
#0¤0¤0¤¤¤¤# #.........#
#¤¤@¤¤¤¤¤¤#
#.........####0¤¤¤0¤¤¤¤#
#...........##¤¤¤¤0¤¤¤¤#
#.........#.¤¤¤¤¤0¤¤¤¤¤#
..........###¤¤¤¤¤¤¤0¤¤#
##### #####..####
##0¤¤¤¤¤¤¤¤# #.... #
#......# #¤¤¤¤¤¤000#
#.... #......#
#.........### #....
###......##
##..........####....


There were no monsters in sight!

Vanquished Creatures
  An adder (D:2)
  2 dart slugs
  A ribbon worm (D:2)
  2 ball pythons (D:1)
  6 bats
  8 endoplasms
  2 giant cockroaches (D:1)
  3 goblins
  6 hobgoblins (D:1)
  5 jackals (D:2)
  2 frilled lizards
  A kobold (D:2)
  3 rats
42 creatures vanquished.

Notes
Turn   | Place    | Note
-------+----------+-------------------------------------------
     0 | D:1      | qw the Deep Elf Hunter began the quest for the Orb.
     0 | D:1      | Reached XP level 1. HP: 12/12 MP: 3/3
     0 | D:1      | 0 ||| qw: Version: 0.3-a-160-g6735b56
     0 | D:1      | 0 ||| qw: Game counter: 4583
     0 | D:1      | 0 ||| qw: Melee chars always use a shield: true
     0 | D:1      | 0 ||| qw: God list: Okawaru
     0 | D:1      | 0 ||| qw: Allow faded altars: false
     0 | D:1      | 0 ||| qw: Do Orc after clearing Dungeon:15 true
     0 | D:1      | 0 ||| qw: Do second Lair branch before Depths: true
     0 | D:1      | 0 ||| qw: Lair rune preference: random
     0 | D:1      | 0 ||| qw: Goals: Normal
     0 | D:1      | 0 ||| PLANNING D:1-11
    34 | D:1      | Found Sangos's Magic Scroll Emporium.
    81 | D:1      | 81 ||| SHOPLISTING 2 scrolls of enchant armour (150 gold,
                  | have 0).
    81 | D:1      | 81 ||| SHOPLISTING 2 scrolls of teleportation (60 gold,
                  | have 0).
    81 | D:1      | 81 ||| SHOPLISTING scroll of identify (20 gold, have 0).
   100 | D:1      | Reached skill level 6 in Ranged Weapons
   100 | D:1      | Reached XP level 2. HP: 16/16 MP: 4/4
   105 | D:1      | Found Laiqorgh's Assorted Antiques.
   108 | D:1      | 108 ||| SHOPLISTING scroll labelled ILOLYTOG DAWU (26 gold,
                  | have 14).
   108 | D:1      | 108 ||| SHOPLISTING scroll labelled JIBAHE NUPN (26 gold,
                  | have 14).
   108 | D:1      | 108 ||| SHOPLISTING scroll labelled JUCURA TOGY (26 gold,
                  | have 14).
   108 | D:1      | 108 ||| SHOPLISTING scroll labelled SOTZID UTAACWEE (26
                  | gold, have 14).
   108 | D:1      | 108 ||| SHOPLISTING scroll labelled YXEZEA PAFI (26 gold,
                  | have 14).
   108 | D:1      | 108 ||| SHOPLISTING sedimented dark potion (23 gold, have
                  | 14).
   108 | D:1      | 108 ||| SHOPLISTING sedimented silvery potion (23 gold,
                  | have 14).
   446 | D:1      | Reached XP level 3. HP: 20/20 MP: 5/5
   466 | D:1      | Found Irodd's Jewellery Emporium.
   474 | D:1      | 474 ||| SHOPLISTING +4 ring of protection (432 gold, have
                  | 38).
   474 | D:1      | 474 ||| SHOPLISTING amulet "Nossoz" {Reflect Str+3 Dex+3
                  | SH+5} (595 gold, have 38).
   474 | D:1      | 474 ||| SHOPLISTING amulet of regeneration (360 gold, have
                  | 38).
   474 | D:1      | 474 ||| SHOPLISTING amulet of the acrobat (360 gold, have
                  | 38).
   474 | D:1      | 474 ||| SHOPLISTING ring of fire (300 gold, have 38).
   474 | D:1      | 474 ||| SHOPLISTING ring of poison resistance (240 gold,
                  | have 38).
   795 | D:1      | 795 ||| READING scroll labelled HENOOH SIARR.
   795 | D:1      | Identified a scroll of acquirement
   795 | D:1      | 795 ||| ACQUIRING +4 shortbow of freezing
   795 | D:1      | Acquired a +4 shortbow of freezing
   797 | D:1      | 797 ||| SWAPPING to +4 shortbow of freezing.
   798 | D:1      | 798 ||| DROPPING +0 shortbow.
   799 | D:1      | 799 ||| READING scroll labelled NAEFOTZO IJAN.
   800 | D:1      | 800 ||| READING 2 scrolls labelled TIDWAG XOTHRABLA.
   803 | D:1      | 803 ||| DROPPING scroll of butterflies.
   828 | D:2      | Identified the +8 ring mail "Recs" {^Drain Str+4 Slay+2}
   949 | D:2      | Reached skill level 7 in Ranged Weapons
   977 | D:2      | Found a faded altar of an unknown god.
  1218 | D:2      | 1218 ||| UPGRADING to +8 ring mail "Recs" {^Drain Str+4
                  | Slay+2}.
  1228 | D:2      | 1228 ||| DROPPING +0 leather armour.
  1229 | D:2      | 1229 ||| UPGRADING to ring of positive energy.
  1230 | D:2      | 1230 ||| READING 4 scrolls labelled ILOLYTOG DAWU.
  1230 | D:2      | 1230 ||| IDENTIFYING fizzy puce potion
  1231 | D:2      | 1231 ||| READING 3 scrolls of identify.
  1231 | D:2      | 1231 ||| IDENTIFYING clear potion
  1232 | D:2      | 1232 ||| READING 2 scrolls of identify.
  1232 | D:2      | 1232 ||| IDENTIFYING fizzy cyan potion
  1233 | D:2      | 1233 ||| READING scroll of identify.
  1233 | D:2      | 1233 ||| IDENTIFYING 2 sedimented dark potions
  1234 | D:2      | 1234 ||| READING scroll labelled ACZING LULI.
  1235 | D:2      | 1235 ||| DROPPING potion of lignification.
  1236 | D:2      | 1236 ||| DROPPING potion of degeneration.
  1238 | D:2      | 1238 ||| Stepping ~*~*~tactically~*~*~ (cloud).
  1238 | D:2      | HP: 5/20 [poisoned by you (poison gas)]
  1239 | D:2      | HP: 2/20 [poisoned by you (poison gas)]
  1240 | D:2      | Succumbed to their own poison gas

Levels and vault maps discovered:
D:1:      pf_arrival_petrified_forest, layout_basic, serial_shops,
          nicolae_diamond_shop, nicolae_shop_window_shopping,
          nicolae_shop_trees, palyth_stone_intersect
D:2:      layout_rooms, basic_ecumenical_altar, dreamdust_mushroom_princess,
          hangedman_decor_riveting, kennysheep_generic_room_9

Skill      XL: |  1  2  3 |
---------------+----------+-----
Ranged Weapons | 6 7 |  7.3
Fighting       | |  1.5
Dodging        | |  2.4
Stealth        | |  1.2

Action                     || total
---------------------------++-------
   Fire: Shortbow          ||    88
    Use: Scroll            ||     8
 Armour: Leather armour    ||     5
  Dodge: Dodged            ||     4

Table legend:
 A = Non-vault XP
 B = Vault XP
 C = Vault XP percentage of total XP
 D = Non-vault monster count
 E = Vault monster count
 F = Vault count percentage of total count
                 A         B        C        D         E       F
            +---------+---------+-------+---------+---------+-------
      Total |      90 |       0 |   0.0 |      42 |       0 |   0.0
            +---------+---------+-------+---------+---------+-------
        D:1 |      44 |       0 |   0.0 |      24 |       0 |   0.0
        D:2 |      46 |       0 |   0.0 |      18 |       0 |   0.0
            +---------+---------+-------+---------+---------+-------
